 Dungeon Crawl Stone Soup version 0.31-a0-115-g4708a659fe (webtiles) character file.

Game seed: 14793330665207970321

4776 Chodeload the Magician (level 10, -11/73 HPs)
             Began as a Djinni Wanderer on May 27, 2023.
             Was an Initiate of Ashenzari.
             Killed from afar by an acid dragon (14 damage)
             ... with a splash of acid
             ... on level 7 of the Dungeon on May 29, 2023.
             The game lasted 00:36:19 (7741 turns).

Chodeload the Magician (Djinni Wanderer)            Turns: 7741, Time: 00:36:20

Health: -11/73     AC:  3    Str: 16    XL:     10   Next: 75%
Gold:   212        EV:  9    Int: 14    God:    Ashenzari [......] SH: 10 Dex: 14

rFire   + + .        a - +5 long sword (holy)
rCold   . . .        D - +0 kite shield
rNeg    . . .        K - +2 ring mail {rC+}
rPois   ∞            x - +1 hat "I Knew You'd Do That" {Self, Alch} (curse)
rElec   +            (no cloak)
rCorr   .            d - +2 pair of gloves {Stlth+}
SInv    +            (boots unavailable)
Will    ++...        (no amulet)
Stlth   +++          l - ring of see invisible
HPRegen 0.32/turn    h - ring "Cyadeyceguj" {rElec Will+ Str+2 Stlth+}
MPRegen 0.00/turn

%: infuse magic (-12 HP)
@: corroded, flying
A: sickness immunity, fire resistance 2, cold vulnerability 1, float, innate
caster, HP casting, extra vitality 1
a: Renounce Religion, Shatter the Chains


You were on level 7 of the Dungeon.
You worshipped Ashenzari.
Ashenzari was noncommittal.
You visited 2 branches of the dungeon, and saw 9 of its levels.
You also visited: Bailey.

You collected 426 gold pieces.
You spent 214 gold pieces at shops.

Inventory:

Hand Weapons
 a - a +5 long sword of holy wrath (weapon)
 b - a +0 scimitar of electrocution
Missiles
 e - 5 poisoned darts
 k - 2 javelins
 r - 2 throwing nets
 z - 16 boomerangs (quivered)
Armour
 d - a +2 pair of gloves of stealth (worn)
 n - the +2 robe of Resonant the Good {rN++ Stlth-}
   (You found it on level 2 of the Dungeon)

   rN:        It greatly protects you from negative energy.
   Stlth:     It makes you less stealthy.
 x - the cursed +1 hat "I Knew You'd Do That" (worn) {Self, Alch}
   (You found it on level 5 of the Dungeon)

   It has a curse which improves the following skills: Introspection: Fighting
   and Spellcasting.
   Alchemy:   Poison Magic and Transmutations.
 D - a +0 kite shield (worn)
 K - a +2 ring mail of cold resistance (worn)
Jewellery
 h - the ring "Cyadeyceguj" (right hand) {rElec Will+ Str+2 Stlth+}
   (You acquired it in a bailey)

   [ring of willpower]

   Str:       It affects your strength (+2).
   rElec:     It insulates you from electricity.
   Will:      It increases your willpower.
   Stlth:     It makes you more stealthy.
 j - a ring of fire
 l - a ring of see invisible (left hand)
 u - a ring of positive energy
Wands
 v - a wand of charming (11)
Scrolls
 f - a scroll of silence {unknown}
 m - a scroll of brand weapon {unknown}
 o - 3 scrolls of fog
 p - a scroll of fear {unknown}
 q - a scroll of poison {unknown}
 w - 2 scrolls of vulnerability
 y - a scroll of magic mapping
 C - 2 scrolls of torment
 E - a scroll of blinking {unknown}
 G - 2 scrolls of enchant weapon
 J - 3 scrolls of teleportation
Potions
 g - a potion of curing {unknown}
 s - a potion of cancellation {unknown}
 t - 3 potions of haste {unknown}
 A - a potion of might {unknown}
 B - a potion of lignification
 F - a potion of heal wounds
 H - a potion of invisibility {unknown}


   Skills:
 - Level 6.0(6.3) Fighting
 - Level 4.0 Long Blades
 - Level 4.4 Polearms
 - Level 2.4 Throwing
 + Level 2.5 Armour
 - Level 2.1 Dodging
 + Level 6.9 Shields
 - Level 7.0(7.3) Spellcasting
 - Level 7.0 Conjurations
 - Level 7.0 Hexes
 - Level 7.0 Summonings
 - Level 7.0 Necromancy
 - Level 7.0 Translocations
 - Level 7.0(7.3) Transmutations
 - Level 7.0 Fire Magic
 - Level 7.0 Ice Magic
 - Level 7.0 Air Magic
 - Level 7.0 Earth Magic
 - Level 7.0(7.3) Poison Magic
 - Level 1.0 Invocations


You knew the following spells:

 Your Spells              Type           Power      Damage    Failure   Level
a - Sandblast             Erth           48%        2d12      3%          1
b - Passwall              Tmut/Erth      20%        N/A       4%          2
c - Animate Armour        Summ/Erth      48%        N/A       34%         4
d - Foxfire               Conj/Fire      96%        2x1d8     3%          1
e - Inner Flame           Hex/Fire       24%        N/A       11%         3
f - Kiss of Death         Conj/Necr      96%        2d12      3%          1
g - Lesser Beckoning      Tloc           48%        N/A       5%          2
h - Momentum Strike       Conj/Tloc      48%        3d9       5%          2
i - Summon Lightning Spi  Summ/Air       24%        N/A       34%         4

Your spell library contained the following spells:

 Spells                   Type           Power      Damage    Failure   Level


Dungeon Overview and Level Annotations

Branches:
Dungeon (8/15)             Temple (1/1) D:6          Bailey (visited)
   Lair: D:8-11

Altars:
Ashenzari
Cheibriados
Dithmenos
Elyvilon
Fedhas
Gozag
Makhleb
Nemelex Xobeh
Okawaru
Ru
Trog
Uskayaw
Xom
Yredelemnul
Zin
The Shining One

Shops:
D:5 ?

Annotations:
D:1 1 transporter
D:2 exclusion: downstairs
D:4 3 runed translucent doors, Palms's ghost, amateur DrCj
D:6 exclusion: downstairs
D:7 exclusion: downstairs


Innate Abilities, Weirdness & Mutations

You are immune to sickness and miasma.
You are immune to poison.
Your flesh is very heat resistant. (rF++)
You are vulnerable to cold. (rC-)
You float through the air rather than walking.
You learn spells naturally, not from books.
Your magical power is your life essence.
You have superior vitality. (+4 MHP)


Message History

The acid dragon closely misses you.
You hit the acid dragon but do no damage.
The acid dragon is lightly wounded.
The acid dragon spits acid at you. The splash of acid hits you!!
The acid corrodes you!
You barely miss the acid dragon.
The acid dragon is lightly wounded.
The acid dragon misses you. You block the acid dragon's attack.
You slash the acid dragon!
The acid dragon is heavily wounded.
The acid dragon bites you.
The acid dragon claws you but does no damage.
The acid dragon barely misses you.
The acid dragon claws you but does no damage.
You barely miss the acid dragon.
The acid dragon is heavily wounded.
The acid dragon bites you! The acid dragon claws you.
You hit the acid dragon.
The acid dragon is heavily wounded.
The acid dragon spits acid at you. You block the splash of acid.
You hit the acid dragon but do no damage.
The acid dragon is heavily wounded.
The acid dragon barely misses you. The acid dragon claws you.
The acid dragon bites you but does no damage.
You block the acid dragon's attack.
You barely miss the acid dragon.
The acid dragon is heavily wounded.
The acid dragon bites you! The acid dragon claws you.
You barely miss the acid dragon.
The acid dragon is heavily wounded.
The acid dragon spits acid at you. The splash of acid hits you!!
* * * LOW HITPOINT WARNING * * *
The acid corrodes you!
You hit the acid dragon.
The acid dragon is severely wounded.
The acid dragon spits acid at you. The splash of acid hits you!
You die...

#.# ##....##.....##. #.#
##..........### #.###
#.######...### #...## #.# #.....#
####..#####.######......
#...#.#.....#........[..
#...#......#..........#. ########
#....................... .......#
#...#.D@......####...... .......#
##.##..##...######.#....
....[..####.##..##.#..........#..
............[..)#..########......
......[....[###...## #..##.#
............# #..<# #####....#
............# #..## ##......###
####.##...>.###..## #..###..#
#.##...)..##...# #.#.....###


You could see an acid dragon (catching breath).

Vanquished Creatures
  An orc knight (Bailey)
  2 kobold demonologists (Bailey)
  Sigmund (D:3)
  A steam dragon (D:7)
  Menkaure (D:7)
  7 orc warriors (Bailey)
  3 black bears
  2 centaurs
  3 phantoms
  Blork the orc (D:6)
  3 bullfrogs
  A scorpion (D:5)
  A gnoll sergeant (D:5)
  4 wights (D:7)
  4 electric eels (Bailey)
  3 crimson imps
  5 jellies
  A gnoll bouda (D:7)
  4 hounds
  A sleepcap (D:7)
  8 iguanas
  5 orc wizards
  15 gnolls
  8 adders
  2 white imps
  An ufetubus (D:6)
  A worm (D:3)
  A dart slug (D:1)
  13 orcs
  3 bats
  3 endoplasms (D:1)
  3 giant cockroaches
  6 goblins
  12 hobgoblins
  3 jackals (D:2)
  10 kobolds
  3 ball pythons
  2 frilled lizards (D:3)
  3 rats
151 creatures vanquished.

Vanquished Creatures (collateral kills)
  Maggie (D:6)
  2 foxfires (D:5)
3 creatures vanquished.

Vanquished Creatures (others)
  297 foxfires
297 creatures vanquished.

Grand Total: 451 creatures vanquished

Notes
Turn   | Place    | Note
-------+----------+-------------------------------------------
     0 | D:1      | Chodeload the Djinni Wanderer began the quest for the Orb.
     0 | D:1      | Chodeload set off with the following items: a +0 dagger, 6
                  | boomerangs, a potion of lignification, a +0 robethe
                  | following spells memorised: Sandblast, Passwall, Animate
                  | Armour, Foxfire, Inner Flame.
     0 | D:1      | Reached XP level 1. HP: 15/15 MP: 0/0
   203 | D:1      | Reached XP level 2. HP: 19/22 MP: 0/0
   293 | D:1      | Reached skill level 1 in Fighting
  1091 | D:2      | Found a faded altar of an unknown god.
  1132 | D:2      | Reached XP level 3. HP: 26/27 MP: 0/0
  1132 | D:2      | Learned a level 1 spell: Kiss of Death
  1449 | D:2      | Identified the +2 robe of Resonant the Good {rN++ Stlth-}
  1581 | D:3      | Reached XP level 4. HP: 31/33 MP: 0/0
  1748 | D:3      | Noticed Sigmund
  1796 | D:3      | Found a shimmering altar of Xom.
  1826 | D:2      | Reached XP level 5. HP: 24/40 MP: 0/0
  1826 | D:2      | Learned a level 2 spell: Lesser Beckoning
  2148 | D:4      | Noticed a phantom
  2240 | D:3      | Killed Sigmund
  2241 | D:3      | Reached XP level 6. HP: 26/47 MP: 0/0
  2468 | D:3      | Reached XP level 7. HP: 48/53 MP: 0/0
  2468 | D:3      | Learned a level 2 spell: Momentum Strike
  2621 | D:4      | Reached skill level 5 in Fighting
  3019 | D:4      | Found a runed translucent gate.
  3020 | D:4      | Found a runed translucent gate.
  3021 | D:4      | Found a runed translucent gate.
  3228 | D:5      | Entered Level 5 of the Dungeon
  3245 | D:5      | Reached XP level 8. HP: 45/60 MP: 0/0
  3315 | D:4      | Noticed Palms's ghost (amateur DrCj)
  3647 | D:5      | Found a sacrificial altar of Ru.
  3916 | D:5      | Found Kiubbur's Magic Scroll Shop.
  3920 | D:5      | Bought a scroll of identify for 26 gold pieces
  3920 | D:5      | Bought a scroll of fog for 52 gold pieces
  3920 | D:5      | Bought a scroll of magic mapping for 97 gold pieces
  3920 | D:5      | Bought a scroll of teleportation for 39 gold pieces
  4112 | D:5      | Found a blossoming altar of Fedhas.
  4142 | D:5      | Reached skill level 1 in Polearms
  4142 | D:5      | Reached skill level 5 in Spellcasting
  4142 | D:5      | Reached skill level 5 in Conjurations
  4142 | D:5      | Reached skill level 5 in Hexes
  4142 | D:5      | Reached skill level 5 in Summonings
  4142 | D:5      | Reached skill level 5 in Necromancy
  4142 | D:5      | Reached skill level 5 in Translocations
  4142 | D:5      | Reached skill level 5 in Transmutations
  4142 | D:5      | Reached skill level 5 in Fire Magic
  4142 | D:5      | Reached skill level 5 in Ice Magic
  4142 | D:5      | Reached skill level 5 in Air Magic
  4142 | D:5      | Reached skill level 5 in Earth Magic
  4142 | D:5      | Reached skill level 5 in Poison Magic
  4159 | D:5      | Found a glowing golden altar of the Shining One.
  4826 | D:6      | Reached XP level 9. HP: 66/66 MP: 0/0
  4826 | D:6      | Learned a level 4 spell: Summon Lightning Spire
  4883 | D:6      | Noticed Blork the orc
  4884 | D:6      | Upgraded the game from 0.31-a0-102-g33a4ccc0cb to
                  | 0.31-a0-115-g4708a659fe
  5119 | D:6      | Killed Blork the orc
  5459 | D:6      | Found a staircase to the Ecumenical Temple.
  5479 | D:6      | Noticed Maggie
  5492 | D:6      | Killed Maggie
  5528 | Temple   | Entered the Ecumenical Temple
  5556 | Temple   | Became a worshipper of Ashenzari the Shackled
  5664 | D:6      | Found an iron altar of Okawaru.
  5962 | D:7      | Noticed Menkaure
  5977 | D:6      | Reached skill level 1 in Long Blades
  5977 | D:6      | Reached skill level 1 in Shields
  6076 | D:7      | Killed Menkaure
  6088 | D:7      | Found a flagged portal.
  6113 | Bailey   | Entered a bailey
  6277 | Bailey   | Noticed a kobold demonologist
  6282 | Bailey   | Noticed an ice devil
  6290 | Bailey   | Noticed an orc knight
  6303 | Bailey   | Noticed an ice devil
  6307 | Bailey   | Killed a kobold demonologist
  6325 | Bailey   | Killed an orc knight
  6326 | Bailey   | Reached XP level 10. HP: 53/72 MP: 0/0
  6436 | Bailey   | Found an iron altar of Okawaru.
  6436 | Bailey   | Noticed a kobold demonologist
  6453 | Bailey   | Noticed a soul eater
  6455 | Bailey   | Noticed a sixfirhy
  6656 | Bailey   | Acquired the ring "Cyadeyceguj" {rElec Will+ Str+2 Stlth+}
  6711 | Bailey   | Reached skill level 5 in Shields
  6729 | Bailey   | Noticed an ice devil
  6729 | Bailey   | Killed a kobold demonologist
  6955 | Bailey   | Identified the +5 quarterstaff of Bappu {venom, rElec SInv}
  7275 | D:7      | Reached skill level 1 in Armour
  7740 | D:7      | HP: 3/73 [acid dragon/splash of acid (23)]
  7741 | D:7      | Killed from afar by an acid dragon

Illustrated notes

Levels and vault maps discovered:
D:1:      spicycebolla_arrival_risky_transporter, layout_basic, serial_curves,
          eino_curves_01, eino_curves_01
D:2:      layout_rooms, dreamdust_ecumenical_altar_angels_and_demons,
          serial_bayou_pond_a, nrook_loot_triangle, skrybe_limestone_x
D:3:      layout_rooms, led_xom_imps, uniq_sigmund
D:4:      layout_cave_pools, gammafunk_ghost_icy
D:5:      layout_basic, fedhas_altar_3, kennysheep_mini, tso_oasis_becter,
          serial_shops, nicolae_shop_rolled_up
D:6:      layout_basic, lemuel_tele_altar, minmay_temple_entry_mist,
          uniq_maggie, uniq_blork_the_orc
D:7:      layout_rooms, enter_bailey_2, serial_park_tiny_1, uniq_menkaure
D:8:      layout_cave_pools, mainiacjoe_overflow_cross_hatched,
          mainiacjoe_overflow_paths, uniq_joseph, uniq_psyche, uniq_grum
Temple:   nicolae_temple_ecumenical_triangle

Skill      XL: |  1  2  3  4  5  6  7  8  9 10 |
---------------+-------------------------------+-----
Spellcasting   | 2 3 4 5 6 7 |  7.0
Conjurations   | 2 3 4 5 6 7 |  7.0
Hexes          | 2 3 4 5 6 7 |  7.0
Summonings     | 2 3 4 5 6 7 |  7.0
Necromancy     | 2 3 4 5 6 7 |  7.0
Translocations | 2 3 4 5 6 7 |  7.0
Transmutations | 2 3 4 5 6 7 |  7.0
Fire Magic     | 2 3 4 5 6 7 |  7.0
Ice Magic      | 2 3 4 5 6 7 |  7.0
Air Magic      | 2 3 4 5 6 7 |  7.0
Earth Magic    | 2 3 4 5 6 7 |  7.0
Poison Magic   | 2 3 4 5 6 7 |  7.0
Fighting       | 1 2 4 5 6 |  6.0
Polearms       | 4 |  4.4
Long Blades    | 3 4 |  4.0
Shields        | 3 6 |  6.9
Armour         | 2 |  2.5
Throwing       | |  2.4
Dodging        | |  2.1
Invocations    | |  1.0

Action                     |  1- 3 |  4- 6 |  7- 9 | 10-12 || total
---------------------------+-------+-------+-------+-------++-------
  Melee: Dagger            |       |    43 |       |       ||    43
         Spear             |       |     9 |    30 |       ||    39
         Punch             |       |       |     2 |       ||     2
         Trident           |       |       |    83 |       ||    83
         Long sword        |       |       |    38 |    96 ||   134
   Fire: Orcbow            |       |       |    11 |       ||    11
  Throw: Boomerang         |     6 |     5 |     5 |     7 ||    23
         Throwing net      |       |     2 |       |       ||     2
         Dart              |       |       |     8 |       ||     8
   Cast: Sandblast         |    45 |    50 |    60 |     3 ||   158
         Foxfire           |     8 |     8 |    88 |    59 ||   163
         Momentum Strike   |       |       |     4 |       ||     4
         Inner Flame       |       |       |     1 |       ||     1
         Summon Lightning  |       |       |     2 |     2 ||     4
 Invoke: Curse Item        |       |       |       |     1 ||     1
    Use: Scroll            |       |       |     3 |     4 ||     7
         Potion            |       |       |     2 |     1 ||     3
   Stab: Held in net/web   |       |     1 |       |       ||     1
         Distracted        |       |       |     1 |       ||     1
 Armour: Robe              |     9 |    18 |   124 |    10 ||   161
         Ring mail         |       |       |       |    34 ||    34
  Dodge: Dodged            |    19 |    50 |   170 |    46 ||   285
  Block: Kite shield       |       |       |       |    64 ||    64

Table legend: (Time is in decaauts)
 A = Elapsed time spent in this place.
 B = Non-inter-level travel time spent in this place.
 C = Inter-level travel time spent in this place.
 D = Time resting spent in this place.
 E = Time spent auto-exploring this place.
 F = Levels seen in this place.
 G = Mean time per level.
                   A        B        C        D        E       F      G
               +--------+--------+--------+--------+--------+-----+--------+
         Total |   7883 |   7315 |    568 |   1495 |   2941 |  10 |  788.3 |
       Dungeon |   6734 |   6174 |    560 |   1056 |   2941 |   8 |  841.8 |
        Temple |     37 |     29 |      8 |      0 |      0 |   1 |   37.0 |
        Bailey |   1111 |   1111 |      0 |    439 |      0 |   1 | 1111.0 |
               +--------+--------+--------+--------+--------+-----+--------+

Top non-repeatable levels by time:
     D:6: 1487 daAuts
     D:5: 1156 daAuts
  Bailey: 1111 daAuts
     D:1: 1067 daAuts
     D:3: 930 daAuts
     D:2: 743 daAuts
     D:4: 687 daAuts
     D:7: 650 daAuts
  Temple: 37 daAuts
     D:8: 11 daAuts
